 Dungeon Crawl Stone Soup version 0.28.0-53-g5a82cb258f (webtiles) character file.

Game seed: 14877402048834096653

204446 mortz the Devastator (level 17, -1/121 HPs)
             Began as a Demigod Conjurer on May 18, 2022.
             Shot with an arrow by a satyr (25 damage)
             ... on level 3 of the Shoals on May 20, 2022.
             The game lasted 06:15:54 (63809 turns).

mortz the Devastator (Demigod Conjurer)            Turns: 63809, Time: 06:15:54

Health: -1/121     AC: 18    Str: 14    XL:     17   Next: 39%
Magic:  9/49       EV:  7    Int: 38    God:
Gold:   1464       SH:  0    Dex: 12    Spells: 0/43 levels left

rFire   . . .      SeeInvis .   O - +6 quarterstaff of Vengeance {flame, Fly rPois Str+2 Int+2, staff}
rCold   . . .      Faith    .   (shield currently unavailable)
rNeg    . . .      Spirit   .   W - +0 troll leather armour
rPois   +          Reflect  .   j - +2 helmet
rElec   .          Harm     .   g - +2 cloak
rCorr   .          Rampage  .   A - +2 pair of gloves {infuse}
Will    .....                   (no boots)
Stlth   +++.......              U - amulet of regeneration {@e2}
HPRegen 1.90/turn               a - +4 ring of protection
MPRegen 0.31/turn               K - ring of magical power

@: about to teleport, weak-willed, afraid, marked, flying, held, studying 2
skills
A: high MP 1, forlorn, divine attributes
}: 1/15 runes: serpentine
a: no special abilities


You were on level 3 of the Shoals.
You visited 5 branches of the dungeon, and saw 30 of its levels.

You collected 3423 gold pieces.
You spent 1959 gold pieces at shops.


Innate Abilities, Weirdness & Mutations

You have an increased reservoir of magic. (+10% MP)
You shall have no god before yourself.
Your divine heritage dramatically boosts your attributes as you level up.


   Skills:
 + Level 3.5 Fighting
 + Level 6.0 Short Blades
 * Level 5.3 Staves
 + Level 6.1 Armour
 + Level 5.5 Dodging
 + Level 6.1 Stealth
 - Level 13.6 Spellcasting
 * Level 17.3 Conjurations
 + Level 3.4 Hexes
 - Level 8.6 Translocations
 + Level 1.1 Transmutations
 + Level 4.1 Fire Magic
 - Level 1.0 Ice Magic
 - Level 12.1 Air Magic
 + Level 5.2 Poison Magic
 + Level 3.0 Evocations


You couldn't memorise any spells.
You knew the following spells:

 Your Spells              Type           Power      Damage    Failure   Level
a - Orb of Destruction    Conj           51%        9d13      1%          7
b - Searing Ray           Conj           100%       2d8       0%          2
c - Blink                 Tloc           100%       N/A       1%          2
d - Iskenderun's Mystic   Conj/Tloc      90%        2d18      1%          4
e - Mephitic Cloud        Conj/Pois/Air  85%        N/A       1%          3
f - Airstrike             Air            43%        N/A       1%          4
g - Flame Wave            Conj/Fire      82%        2d14      1%          4
h - Ignite Poison         Fire/Tmut/Pois 51%        N/A       1%          3
i - Freezing Cloud        Conj/Ice/Air   40%        6-21      1%          5
j - Olgreb's Toxic Radia  Pois           60%        N/A       1%          4
k - Manifold Assault      Tloc           75%        N/A       1%          5

Your spell library contained the following spells:

 Spells                   Type           Power      Damage    Failure   Level
 Magic Dart               Conj           100%       1d8       0%          1
 Shock                    Conj/Air       100%       1d9       0%          1
 Static Discharge         Conj/Air       95%        N/A       0%          2
 Animate Skeleton         Necr           50%        N/A       1%          1
 Apportation              Tloc           100%       N/A       1%          1
 Pain                     Necr           100%       1d9       1%          1
 Sting                    Tmut/Pois      100%       1d8       1%          1
 Summon Small Mammal      Summ           100%       N/A       1%          1
 Ensorcelled Hibernation  Hex/Ice        84%        N/A       1%          2
 Passwall                 Tmut/Erth      25%        N/A       1%          2
 Poisonous Vapours        Pois/Air       100%       N/A       1%          2
 Scorch                   Fire           100%       2d10      1%          2
 Dazzling Flash           Conj/Hex       100%       N/A       1%          3
 Inner Flame              Hex/Fire       53%        N/A       1%          3
 Lesser Beckoning         Tloc           75%        N/A       1%          3
 Stone Arrow              Conj/Erth      100%       3d13      1%          3
 Swiftness                Air            87%        N/A       1%          3
 Teleport Other           Tloc           75%        N/A       1%          3
 Fulminant Prism          Conj/Hex       40%        3d20      1%          4
 Sticky Flame             Conj/Fire      82%        2d9       1%          4
 Call Imp                 Summ           25%        N/A       2%          2
 Summon Guardian Golem    Hex/Summ       39%        N/A       2%          3
 Cause Fear               Hex            25%        N/A       4%          4
 Vampiric Draining        Necr           25%        2d7       5%          3
 Summon Forest            Summ/Tloc      28%        N/A       9%          5
 Summon Ice Beast         Ice/Summ       29%        N/A       14%         4
 Animate Armour           Summ/Erth      50%        N/A       17%         4
 Dispel Undead            Necr           25%        3d12      17%         4
 Summon Mana Viper        Hex/Summ       39%        N/A       24%         5
 Spellforged Servitor     Conj/Summ      37%        N/A       38%         7
 Summon Cactus Giant      Summ           12%        N/A       95%         6
 Lehudib's Crystal Spear  Conj/Erth      37%        10d9      97%         8
 Monstrous Menagerie      Summ           12%        N/A       100%        7
 Borgnjor's Revivificati  Necr           12%        N/A       100%        8
 Discord                  Hex            25%        N/A       100%        8
 Necromutation            Tmut/Necr      15%        N/A       100%        8
 Death's Door             Necr           12%        N/A       100%        9

Inventory:

Hand Weapons
 i - a +9 dagger of electrocution {short}
   (You took it off a goblin on level 2 of the Dungeon)
 o - the +9 halberd "Transmigrator" {freeze, Int+2, polearm}
   (You took it off an orc on level 1 of the Orcish Mines)

   It freezes those it strikes, dealing additional cold damage.
   It can also slow down cold-blooded creatures.
   Int:       It affects your intelligence (+2).
 C - the +8 whip "Vineonin" {distort, rPois Int+5, mace}
   (You found it on level 1 of the Orcish Mines)

   It warps and distorts space around it, and may blink, banish, or inflict
   extra damage upon those it strikes.
   Unwielding it can cause banishment or high damage.
   Int:       It affects your intelligence (+5).
   rPois:     It protects you from poison.
 J - a +2 long sword of holy wrath {long}
   (You took it off an orc warrior on level 11 of the Dungeon)
 O - the +6 quarterstaff of Vengeance (weapon) {flame, Fly rPois Str+2 Int+2, staff}
   (You found it on level 1 of the Orcish Mines)

   It burns those it strikes, dealing additional fire damage.
   Str:       It affects your strength (+2).
   Int:       It affects your intelligence (+2).
   rPois:     It protects you from poison.
   Fly:       It grants you flight.
 Y - the +6 scimitar of Woe {flame, Will++ Str+9 Dex-5 Stlth+, long}
   (You took it off an orc knight on level 1 of the Orcish Mines)

   It burns those it strikes, dealing additional fire damage.
   Big, fiery blades are also staple armaments of hydra-hunters.
   Str:       It affects your strength (+9).
   Dex:       It affects your dexterity (-5).
   Will:      It greatly increases your willpower.
   Stlth:     It makes you more stealthy.
Missiles
 R - a silver javelin {throwing}
Armour
 c - +0 fire dragon scales
   (You found it on level 15 of the Dungeon)
 e - the +1 robe "Ilyluph" {rPois rF+ rN+ Stlth+}
   (You found it on level 7 of the Dungeon)

   rF:        It protects you from fire.
   rPois:     It protects you from poison.
   rN:        It protects you from negative energy.
   Stlth:     It makes you more stealthy.
 g - a +2 cloak (worn)
   (You took it off Nikola on level 4 of the Snake Pit)
 j - a +2 helmet (worn)
   (You took it off Robin on level 2 of the Dungeon)
 k - a +3 ring mail of poison resistance
   (You found it on level 3 of the Shoals)
 t - the +3 robe of Resonance {rF+ rN+ Str+5}
   (You found it on level 4 of the Lair of Beasts)

   Str:       It affects your strength (+5).
   rF:        It protects you from fire.
   rN:        It protects you from negative energy.
 A - a +2 pair of gloves of infusion (worn)
   (You bought it in a shop on level 5 of the Dungeon)
 L - the +1 pair of gloves of Ytwyet {Int+3}
   (You took it off Nikola on level 4 of the Snake Pit)

   Int:       It affects your intelligence (+3).
 W - a +0 troll leather armour (worn)
   (You found it on level 1 of the Orcish Mines)
Jewellery
 a - a +4 ring of protection (left hand)
   (You found it on level 3 of the Dungeon)
 n - a ring of positive energy
   (You found it on level 5 of the Lair of Beasts)
 q - a +4 ring of evasion
   (You took it off an orc on level 3 of the Dungeon)
 w - a ring of willpower
   (You found it on level 4 of the Lair of Beasts)
 H - a ring of flight
   (You found it on level 3 of the Snake Pit)
 K - a ring of magical power (right hand)
   (You bought it in a shop on level 5 of the Dungeon)
 Q - a ring of protection from fire
   (You found it on level 2 of the Lair of Beasts)
 U - an amulet of regeneration (around neck) {@e2}
   (You bought it in a shop on level 5 of the Dungeon)
 V - a ring of resist corrosion
   (You found it on level 14 of the Dungeon)
Wands
 y - a wand of flame (38)
   (You found it on level 5 of the Dungeon)
 E - a wand of digging (8)
   (You found it on level 10 of the Dungeon)
 F - a wand of iceblast (13)
   (You found it on level 9 of the Dungeon)
 I - a wand of acid (6)
   (You found it on level 4 of the Snake Pit)
 M - a wand of mindburst (13)
   (You took it off a naga mage on level 4 of the Snake Pit)
 S - a wand of paralysis (2)
   (You found it on level 1 of the Shoals)
 T - a wand of charming (4)
   (You found it on level 14 of the Dungeon)
 X - a wand of polymorph (5)
   (You found it on level 1 of the Shoals)
Scrolls
 p - 7 scrolls of magic mapping {!r}
 r - 5 scrolls of teleportation {@r4}
 s - a scroll of fear
 u - 4 scrolls of enchant weapon
 x - 3 scrolls of amnesia
 B - 6 scrolls of blinking {!r}
 G - 3 scrolls of holy word
 Z - 8 scrolls of identify {@r1}
Potions
 b - 3 potions of heal wounds {@q2}
 d - 2 potions of mutation {!q}
 f - a potion of berserk rage {!q}
 h - 9 potions of curing {@q1}
 l - 7 potions of attraction {!q}
 m - 2 potions of cancellation
 v - 4 potions of magic
 z - 4 potions of brilliance
 D - 3 potions of haste {@q3}
 N - 3 potions of might
 P - 2 potions of resistance

Dungeon Overview and Level Annotations

Branches:
Dungeon (15/15)            Temple (0/1) D:7            Lair (6/6) D:11
 Shoals (3/4) Lair:3        Snake (4/4) Lair:2        Slime (0/5) Lair:5
    Orc (2/2) D:11            Elf (0/3) Orc:2        Vaults (0/5) D:13
 Depths (0/4) D:15

Shops:
D:5 =(*[   D:7 !   Orc:2 (:?*   Shoals:1 *   Snake:1 (   Snake:2 *=(!(

Portals:
Pandemonium: Orc:2

Annotations:
Lair:1 exclusion: oklob plant
Lair:2 3 runed translucent doors, RatsInWalls's ghost, journeyman TrMo; acdeimund's ghost, journeyman DECj; nickcage's ghost, journeyman DsAK

#≈≈≈≈≈≈≈≈....###
#≈≈≈≈≈≈≈≈...##
#≈≈≈≈≈≈≈≈...#
#t≈≈≈≈≈cc...####
#≈≈m≈≈≈≈≈≈≈.....
#≈≈≈≈≈≈≈≈≈≈.....
#≈≈≈≈≈≈≈≈≈≈≈≈.≈≈
#≈≈≈≈≈≈≈≈≈≈≈..≈≈
#@≈≈≈≈≈≈≈≈≈....≈
#≈≈≈≈≈≈≈≈≈....†.
#≈≈≈≈≈≈≈≈≈.####.
#≈≈≈≈≈≈≈≈..#
#≈≈≈≈≈≈≈≈.##
#≈≈≈≈≈≈≈≈..##
#≈≈≈≈≈≈≈....#
#≈≈≈≈≈≈≈...####
#≈≈≈≈≈≈≈≈..#....


You could see a satyr (scary), a snapping turtle, a merfolk and a faun (strong).


Message History

The merfolk closely misses you. 😕 MP[+1]
The faun shoots a sling bullet.
The sling bullet hits you!
A satyr comes into view. It is wielding a +0 spear. 😕 HP[-7]
You take 7 damage, and now have 99/121 hp.
The faun shoots a sling bullet.
The sling bullet closely misses you. 😕 HP[+2]
You regained 2 hp, and now have 101/121 hp.
Casting: Airstrike (safe; 1% risk of failure)
Confirm with . or Enter, or press ? or * to list all spells.
You erupt in a blast of force!
The mystic blast hits the merfolk!!
The merfolk is knocked back by the mystic blast.
The merfolk looks more healthy.
The satyr plays a rousing melody on his pipes!
The faun goes into a battle-frenzy!
The faun gestures at you while chanting.
Your willpower is stripped away! 😕 HP[+2] MP[-3]
You regained 2 hp, and now have 103/121 hp.
You lost 3 mp, and now have 23/49 mp.
The satyr plays a frightful melody on his pipes!
The satyr radiates an aura of fear!
You are terrified of the satyr!
The faun shoots a sling bullet.
The sling bullet closely misses you.
The merfolk closely misses you. 😕 HP[+2]
You regained 2 hp, and now have 105/121 hp.
The satyr plays a lulling melody on his pipes!
You fall asleep.
The faun shoots a sling bullet.
The sling bullet hits you but does no damage.
The merfolk throws a throwing net.
The throwing net hits you.
You become entangled in the net!
You hear a splash.
The satyr unwields a +0 spear.
The satyr wields a +0 longbow.
The satyr shoots an arrow.
The arrow hits you!
You wake up.
The faun shoots a sling bullet.
The sling bullet hits you!
The snapping turtle barely misses you. 😮 HP[-18] MP[+1]
You take 18 damage, and now have 87/121 hp.
Casting: Iskenderun's Mystic Blast (safe; 1% risk of failure)
Confirm with . or Enter, or press ? or * to list all spells.
You erupt in a blast of force!
The mystic blast hits the snapping turtle!
The snapping turtle is knocked back by the mystic blast.
The snapping turtle collides with the merfolk!
The mystic blast hits the merfolk!
You kill the merfolk!
You hear a splash.
The satyr shoots an arrow.
The arrow hits you!!
The faun shoots a sling bullet.
The sling bullet hits you!
* * * LOW HITPOINT WARNING * * *
😨 HP[-31] MP[-4]
You take 31 damage, and now have 56/121 hp.
MASSIVE DAMAGE!! (PAUSE)
You lost 4 mp, and now have 20/49 mp.
Casting: Iskenderun's Mystic Blast (safe; 1% risk of failure)
Confirm with . or Enter, or press ? or * to list all spells.
You erupt in a blast of force!
The mystic blast hits the merfolk!
The merfolk is knocked back by the mystic blast.
The mystic blast hits the snapping turtle.
The snapping turtle is knocked back by the mystic blast.
The satyr shoots an arrow.
The arrow hits you but does no damage.
The faun shoots a sling bullet.
The sling bullet hits you.
* * * LOW HITPOINT WARNING * * *
😨 MP[-4]
You lost 4 mp, and now have 16/49 mp.
As you read the scroll of teleportation {@r4}, it crumbles to dust.
You feel strangely unstable.
The satyr shoots an arrow.
The arrow hits you!
* * * LOW HITPOINT WARNING * * *
😨 HP[-13]
You take 13 damage, and now have 43/121 hp.
You tear a large gash into the net.
The satyr shoots an arrow.
The arrow hits you!!
* * * LOW HITPOINT WARNING * * *
The merfolk hits you from afar with a +0 trident.
* * * LOW HITPOINT WARNING * * *
😱 HP[-23] MP[+1]
You take 23 damage, and now have 20/121 hp.
Casting: Iskenderun's Mystic Blast (safe; 1% risk of failure)
Confirm with . or Enter, or press ? or * to list all spells.
You erupt in a blast of force!
The mystic blast hits the merfolk.
The merfolk is knocked back by the mystic blast.
The mystic blast hits the snapping turtle but does no damage.
The satyr shoots an arrow.
The arrow hits you but does no damage.
The faun points at you and mumbles some strange words.
You resist with significant effort.
The snapping turtle bites you but does no damage. 😱 HP[+2] MP[-4]
You regained 2 hp, and now have 22/121 hp.
You lost 4 mp, and now have 13/49 mp.
Casting: Iskenderun's Mystic Blast (safe; 1% risk of failure)
Confirm with . or Enter, or press ? or * to list all spells.
You erupt in a blast of force!
The mystic blast hits the snapping turtle!
The snapping turtle is knocked back by the mystic blast.
The satyr shoots an arrow.
The arrow hits you!!
You die...

Skill      XL: |  1  2  3  4  5  6  7  8  9 10 11 12 13 14 15 16 17 |
---------------+----------------------------------------------------+-----
Conjurations   | 4 5 6 7 8 9 10 14 16 17 | 17.3
Stealth        | 2 3 4 5 6 |  6.1
Spellcasting   | 2 3 4 5 6 8 10 11 12 13 | 13.6
Translocations | 1 2 3 4 5 6 7 8 |  8.6
Dodging        | 2 3 4 5 |  5.5
Fighting       | 1 2 3 |  3.5
Poison Magic   | 1 2 3 5 |  5.2
Air Magic      | 2 4 7 10 11 12 | 12.1
Fire Magic     | 1 2 4 |  4.1
Short Blades   | 1 4 6 |  6.0
Evocations     | 1 2 3 |  3.0
Hexes          | 1 3 |  3.4
Armour         | 2 4 5 6 |  6.1
Ice Magic      | 1 |  1.0
Staves         | 2 4 5 |  5.3
Transmutations | 1 |  1.1

Action                   |  1- 3 |  4- 6 |  7- 9 | 10-12 | 13-15 | 16-18 || total
-------------------------+-------+-------+-------+-------+-------+-------++-------
Melee: Dagger            |     8 |       |     2 |     9 |    12 |       ||    31
       Scimitar          |       |       |       |       |     1 |       ||     1
       Quarterstaff      |       |       |       |       |     9 |    16 ||    25
 Cast: Magic Dart        |    53 |    48 |    62 |    61 |       |       ||   224
       Searing Ray       |    21 |    25 |    75 |    55 |    18 |     2 ||   196
       Iskenderun's Myst |       |       |    14 |    95 |   177 |    90 ||   376
       Blink             |       |       |     1 |     1 |     2 |     1 ||     5
       Airstrike         |       |       |       |   296 |   716 |   512 ||  1524
       Mephitic Cloud    |       |       |       |     7 |    18 |     6 ||    31
       Freezing Cloud    |       |       |       |     2 |    96 |    62 ||   160
       Manifold Assault  |       |       |       |     1 |     3 |     1 ||     5
       Ignite Poison     |       |       |       |     1 |     1 |     2 ||     4
       Flame Wave        |       |       |       |       |     1 |       ||     1
       Olgreb's Toxic Ra |       |       |       |       |       |    37 ||    37
Evoke: Wand              |       |     2 |     4 |    12 |    11 |    14 ||    43
  Use: Scroll            |       |     4 |     9 |    22 |     2 |     5 ||    42
       Potion            |       |       |     2 |       |     3 |     2 ||     7
Armor: Robe              |     2 |     4 |    32 |    34 |     4 |       ||    76
       Acid dragon scale |       |       |       |       |     7 |       ||     7
       Troll leather arm |       |       |       |       |    18 |    50 ||    68
       Fire dragon scale |       |       |       |       |     2 |       ||     2
Dodge: Dodged            |     7 |    18 |    86 |    67 |    85 |    87 ||   350

Levels and vault maps discovered:
D:1:      scummos_arrival_simple_crosswalls, layout_basic,
          roderic_three_in_a_row
D:2:      layout_loops_ring, shapermc_ecumenical_altar_ellora, uniq_robin
D:3:      layout_basic, kennysheep_generic_room_9
D:4:      layout_loops_corners, minmay_checkerbox
D:5:      layout_cave_pods, bloody_trog, serial_shops, shop,
          nicolae_shop_overgrown_old_shop, shop_fountains,
          nicolae_stop_n_shop_2, minmay_misc_feat_pillars
D:6:      layout_loops_cross, nicolae_vehumet_altar_sigil,
          hangedman_abyss_or_decor_slice, minmay_door_square, uniq_eustachio,
          uniq_menkaure, uniq_duvessa
D:7:      layout_cave_pools, mainiacjoe_overflow_concentric_impassable,
          mainiacjoe_overflow_six_doors_small, minmay_temple_entry_poolview,
          serial_shops, nicolae_shop_stone, minmay_fire_ice_demons
D:8:      layout_loops_corners, nicolae_overflow_hidden_temple
D:9:      layout_cave_pools, mainiacjoe_overflow_paths, kennysheep_mini
D:10:     layout_grid_maze, jmf_multi_god_temple, hangedman_abyss_or_decor_stabs
D:11:     layout_irregular_city, david_lair_generic, erik_orc_4
D:12:     layout_gridville, nicolae_ashenzari_skybound
D:13:     layout_rooms, skrybe_vaults_entry_preservation, serial_park_tiny_1
D:14:     layout_long_grid, hangedman_decor_peaks_small,
          nicolae_concentric_dashed_squares_wild
D:15:     hangedman_depths_entry_try_elsewhere_first, layout_loops_ring,
          chequers_decorated_corner, nicolae_concentric_dashed_squares_mild,
          grunt_decor_resistance, doesnt_xom_only_xom
Lair:1:   layout_regular_city, minmay_lair_oklob_bushes, grunt_megastairs_2,
          uniq_urug
Lair:2:   layout_small_grid, guppyfry_snake_entry_garden,
          gammafunk_ghost_cemetery, minmay_hedge_maze
Lair:3:   layout_regular_city, minmay_shoals_entry_hut, grunt_megastairs_4
Lair:4:   layout_long_grid, cheibrodos_lair_reptile_den, grunt_megastairs_3,
          uniq_kirke
Lair:5:   layout_hall_layers, nicolae_slime_entry_slimehenge,
          lemuel_fruit_fields
Lair:6:   minmay_lair_end_frog_pond, layout_hall_layers
Shoals:1: layout_shoals, serial_shops, nicolae_shop_competitors_out_of_business,
          nicolae_shoals_pincushion_passage
Shoals:2: layout_shoals, nicolae_shoals_cliffside_cave,
          nicolae_shoals_dead_sea_scrolls
Shoals:3: layout_shoals, uniq_polyphemus
Snake:1:  layout_misc_corridors, serial_shops, shop, nicolae_snake_snakewalk
Snake:2:  layout_onion, serial_shops, nicolae_shop_behind_doors,
          nicolae_stop_n_shop_1, nicolae_shop_trees, nicolae_diamond_shop,
          nicolae_shop_sticking_my_neck_out
Snake:3:  layout_chambers
Snake:4:  minmay_snake_end_coiled, layout_cave_town, uniq_nikola
Orc:1:    giant_chief_lemuel, layout_caves, portal_ice_cave_entry_pillars_2,
          mines_bat_river
Orc:2:    pf_orc_diabolical, layout_caves, basic_altar, lightli_orcish_oven

Notes
Turn   | Place    | Note
-------+----------+-------------------------------------------
     0 | D:1      | mortz the Demigod Conjurer began the quest for the Orb.
     0 | D:1      | Reached XP level 1. HP: 14/14 MP: 5/5
     0 | D:1      | magus.rc [v1.9.6]
   374 | D:1      | Reached XP level 2. HP: 20/20 MP: 4/7
   377 | D:1      | Learned a level 2 spell: Searing Ray
   404 | D:1      | Reached skill level 4 in Conjurations
  1195 | D:1      | You add the spells Borgnjor's Revivification, Necromutation
                  | and Death's Door to your library.
  1345 | D:2      | Reached XP level 3. HP: 26/26 MP: 3/8
  1490 | D:2      | Reached skill level 2 in Stealth
  1543 | D:2      | Reached skill level 2 in Spellcasting
  1719 | D:2      | Noticed Robin
  1728 | D:2      | Killed Robin
  2750 | D:3      | Reached XP level 4. HP: 33/33 MP: 2/9
  2987 | D:3      | Reached skill level 1 in Translocations
  3587 | D:4      | You pick up a book of Air and begin reading...
  3587 | D:4      | You add the spells Shock, Swiftness and Airstrike to your
                  | library.
  3610 | D:4      | Reached skill level 5 in Conjurations
  3738 | D:4      | Reached skill level 2 in Dodging
  3741 | D:4      | Noticed a centaur
  3761 | D:4      | Killed a centaur
  3762 | D:4      | Reached XP level 5. HP: 38/38 MP: 5/11
  4342 | D:4      | Reached skill level 3 in Stealth
  4596 | D:4      | Noticed an ogre
  4602 | D:4      | Killed an ogre
  4603 | D:4      | Reached skill level 3 in Spellcasting
  4603 | D:4      | Reached XP level 6. HP: 45/45 MP: 5/13
  4665 | D:4      | You pick up a book of Spatial Translocations and begin
                  | reading...
  4665 | D:4      | You add the spells Blink, Lesser Beckoning and Manifold
                  | Assault to your library.
  4669 | D:4      | Learned a level 2 spell: Blink
  4777 | D:5      | Entered Level 5 of the Dungeon
  4792 | D:4      | Reached skill level 2 in Translocations
  5214 | D:5      | Reached XP level 7. HP: 50/50 MP: 6/15
  5441 | D:5      | You pick up a book of Touch and begin reading...
  5441 | D:5      | You add the spells Static Discharge, Sticky Flame and
                  | Dispel Undead to your library.
  5490 | D:5      | Reached skill level 3 in Translocations
  5633 | D:5      | Found Ceri Efa's Weapon Emporium.
  5663 | D:5      | Found Foixzoil's Antique Armour Boutique.
  5673 | D:5      | Bought a pair of glowing gloves for 202 gold pieces
  5819 | D:5      | Noticed a hornet
  6036 | D:5      | Found Vokh's Jewellery Shop.
  6127 | D:5      | Found Ulusiukk's Assorted Antiques.
  6144 | D:5      | Reached skill level 6 in Conjurations
  6308 | D:6      | Noticed Menkaure
  6308 | D:6      | Noticed Dowan
  6449 | D:6      | Noticed Eustachio
  6824 | D:6      | Reached skill level 4 in Stealth
  6824 | D:6      | Reached skill level 4 in Spellcasting
  7040 | D:6      | Killed Menkaure
  7041 | D:6      | Reached XP level 8. HP: 34/58 MP: 7/18
  7179 | D:6      | Reached skill level 4 in Translocations
  7262 | D:6      | Reached skill level 7 in Conjurations
  7437 | D:6      | Reached skill level 5 in Spellcasting
  7574 | D:6      | Noticed Duvessa
  7579 | D:6      | Killed Dowan
  7586 | D:6      | HP: 9/58 [Duvessa/+0 short sword (15)]
  7591 | D:6      | HP: 4/58 [Duvessa/+0 short sword (12)]
  7594 | D:6      | Killed Duvessa
  7595 | D:6      | Reached skill level 3 in Dodging
  8144 | D:7      | Identified the +1 robe "Ilyluph" {rPois rF+ rN+ Stlth+}
  8168 | D:7      | You pick up a book of Minor Magic and begin reading...
  8168 | D:7      | You add the spells Call Imp and Mephitic Cloud to your
                  | library.
  8174 | D:7      | Learned a level 4 spell: Iskenderun's Mystic Blast
  8178 | D:7      | Learned a level 3 spell: Mephitic Cloud
  8258 | D:7      | Reached skill level 1 in Fighting
  8539 | D:7      | Reached XP level 9. HP: 34/64 MP: 1/21
  8832 | D:6      | Reached skill level 5 in Translocations
  9000 | D:7      | Reached skill level 6 in Spellcasting
  9335 | D:7      | Found Cuabuos's Distillery.
  9345 | D:7      | Found a staircase to the Ecumenical Temple.
  9483 | D:8      | Reached skill level 8 in Conjurations
 10183 | D:8      | You add the spells Teleport Other, Spellforged Servitor and
                  | Monstrous Menagerie to your library.
 10183 | D:8      | Got the Disquisition on the Entourage and Orientation
 10184 | D:8      | magus.rc [v1.9.6]
 10918 | D:5      | Reached skill level 1 in Poison Magic
 11086 | D:6      | Killed Eustachio
 11087 | D:6      | Reached skill level 1 in Air Magic
 11220 | D:8      | Reached skill level 4 in Dodging
 11348 | D:8      | Reached skill level 2 in Air Magic
 11348 | D:8      | Reached XP level 10. HP: 61/72 MP: 15/24
 11779 | D:9      | Reached skill level 7 in Spellcasting
 11966 | D:5      | Bought a ring of magical power for 280 gold pieces
 12297 | D:10     | Entered Level 10 of the Dungeon
 12452 | D:10     | magus.rc [v1.9.6]
 12827 | D:10     | Reached skill level 6 in Translocations
 12864 | D:10     | Reached skill level 3 in Air Magic
 13286 | D:10     | Reached skill level 1 in Fire Magic
 13286 | D:10     | Reached skill level 2 in Poison Magic
 13360 | D:10     | Noticed a two-headed ogre
 13433 | D:10     | Killed a two-headed ogre
 13434 | D:10     | Reached skill level 5 in Stealth
 13688 | D:10     | Noticed a two-headed ogre
 13696 | D:10     | Killed a two-headed ogre
 14173 | D:10     | Learned a level 4 spell: Airstrike
 14249 | D:11     | Reached skill level 9 in Conjurations
 14257 | D:11     | Reached skill level 8 in Spellcasting
 14260 | D:11     | HP: 10/73 [orc priest/divine providence (12)]
 14620 | D:11     | Reached skill level 2 in Fighting
 14758 | D:11     | Found a staircase to the Lair.
 14945 | D:11     | Noticed a cyclops
 14965 | D:11     | Killed a cyclops
 14966 | D:11     | Reached skill level 4 in Air Magic
 14966 | D:11     | Reached XP level 11. HP: 62/79 MP: 13/27
 15539 | D:10     | magus.rc [v1.9.6]
 15914 | D:11     | Reached skill level 5 in Air Magic
 16034 | D:11     | magus.rc [v1.9.6]
 16209 | D:11     | Found a staircase to the Orcish Mines.
 16569 | Lair:1   | Entered Level 1 of the Lair of Beasts
 16748 | Lair:1   | Reached skill level 9 in Spellcasting
 16966 | Lair:1   | Reached skill level 6 in Air Magic
 17393 | Lair:1   | Noticed Urug
 17411 | Lair:1   | Killed Urug
 17861 | Lair:2   | Noticed a death yak
 17861 | Lair:2   | Noticed a death yak
 17861 | Lair:2   | Noticed a death yak
 17861 | Lair:2   | Noticed a death yak
 17861 | Lair:2   | Noticed a death yak
 18022 | Lair:2   | Reached skill level 7 in Air Magic
 18749 | Lair:2   | Found a staircase to the Snake Pit.
 19121 | Lair:2   | You pick up a book of Cantrips and begin reading...
 19121 | Lair:2   | You add the spells Animate Skeleton, Summon Small Mammal
                  | and Apportation to your library.
 19378 | Lair:2   | Found a runed translucent gate.
 19378 | Lair:2   | Found a runed translucent gate.
 19378 | Lair:2   | Found a runed translucent gate.
 19380 | Lair:2   | Noticed acdeimund's ghost (journeyman DECj)
 19381 | Lair:2   | Noticed nickcage's ghost (journeyman DsAK)
 19449 | Lair:2   | Killed a death yak
 19450 | Lair:2   | Reached skill level 10 in Spellcasting
 19743 | Lair:2   | Killed a death yak
 19744 | Lair:2   | Reached XP level 12. HP: 84/85 MP: 0/30
 20182 | Lair:2   | Reached skill level 8 in Air Magic
 20352 | Lair:2   | Noticed RatsInWalls's ghost (journeyman TrMo)
 20695 | D:5      | Bought a scroll labelled ZYL BUOVIMETI for 34 gold pieces
 20695 | D:5      | Bought a scroll labelled UKLIM LIFUO for 34 gold pieces
 20695 | D:5      | Bought a scroll of identify for 68 gold pieces
 20695 | D:5      | Bought a scroll labelled GESTAAN XETEI for 34 gold pieces
 20852 | Lair:2   | magus.rc [v1.9.6]
 21822 | Lair:3   | You pick up a book of Scorching and begin reading...
 21822 | Lair:3   | You add the spells Scorch, Flame Wave and Summon Cactus
                  | Giant to your library.
 21828 | Lair:3   | Learned a level 4 spell: Flame Wave
 21966 | Lair:3   | Found a staircase to the Shoals.
 22484 | Lair:4   | Noticed a four-headed hydra
 22489 | Lair:4   | Killed a four-headed hydra
 22637 | Lair:4   | Noticed Kirke
 22649 | Lair:4   | Killed Kirke
 22650 | Lair:4   | Reached skill level 11 in Spellcasting
 22650 | Lair:4   | Reached skill level 9 in Air Magic
 22802 | Lair:4   | You add the spells Ignite Poison and Freezing Cloud to your
                  | library.
 22807 | Lair:4   | Learned a level 3 spell: Ignite Poison
 24090 | Lair:4   | Identified the +3 robe of Resonance {rF+ rN+ Str+5}
 24121 | Lair:4   | You pick up a book of Burglary and begin reading...
 24121 | Lair:4   | You add the spells Passwall and Ensorcelled Hibernation to
                  | your library.
 24132 | Lair:4   | Learned a level 5 spell: Freezing Cloud
 24138 | Lair:4   | Learned a level 5 spell: Manifold Assault
 24368 | Lair:5   | Noticed a boulder beetle
 25067 | Lair:4   | magus.rc [v1.9.6]
 25080 | Lair:5   | Killed a boulder beetle
 25081 | Lair:5   | Reached skill level 1 in Short Blades
 25081 | Lair:5   | Reached skill level 1 in Evocations
 25243 | Lair:5   | You pick up a book of Hexes and begin reading...
 25243 | Lair:5   | You add the spells Inner Flame, Cause Fear and Discord to
                  | your library.
 25390 | Lair:5   | Reached skill level 2 in Fire Magic
 25628 | Lair:5   | Found a staircase to the Slime Pits.
 25964 | Lair:5   | Reached skill level 10 in Air Magic
 26457 | Lair:6   | Entered Level 6 of the Lair of Beasts
 26707 | Lair:6   | Reached skill level 1 in Hexes
 26735 | Lair:5   | Reached XP level 13. HP: 49/91 MP: 3/33
 27011 | Lair:6   | HP: 21/91 [cane toad (33)]
 27013 | Lair:5   | HP: 10/91 [poisoned by a cane toad]
 27018 | Lair:5   | Reached skill level 2 in Short Blades
 27324 | Lair:6   | Reached skill level 2 in Hexes
 27631 | Lair:6   | Reached skill level 3 in Fire Magic
 27953 | Lair:6   | Reached skill level 12 in Spellcasting
 28872 | Lair:6   | Reached skill level 3 in Short Blades
 29124 | Lair:6   | Reached skill level 7 in Translocations
 29622 | Lair:6   | magus.rc [v1.9.6]
 29748 | Lair:6   | Reached skill level 4 in Fire Magic
 29763 | Lair:6   | Reached skill level 3 in Hexes
 31028 | D:12     | You pick up a book of Necromancy and begin reading...
 31028 | D:12     | You add the spells Pain and Vampiric Draining to your
                  | library.
 31637 | D:12     | Reached skill level 11 in Air Magic
 32526 | Orc:1    | Entered Level 1 of the Orcish Mines
 32809 | Orc:1    | Noticed an orc warlord
 32822 | Orc:1    | HP: 17/92 [orc warlord/bolt (15)]
 33282 | D:5      | Bought an amulet of regeneration for 420 gold pieces
 33449 | Orc:1    | Noticed an orc warlord
 33490 | Orc:1    | Reached skill level 4 in Short Blades
 33490 | Orc:1    | Killed an orc warlord
 33626 | Orc:1    | Killed an orc warlord
 33781 | Orc:1    | Reached XP level 14. HP: 91/99 MP: 34/35
 34909 | Orc:1    | Identified the +9 halberd "Transmigrator" {freeze, Int+2}
 35334 | Orc:1    | Identified the +6 scimitar of Woe {flame, Will++ Str+9
                  | Dex-5 Stlth+}
 35334 | Orc:1    | Identified the +8 mace of Circularity {antimagic, rF+
                  | Int+4}
 35345 | Orc:1    | Reached skill level 5 in Short Blades
 35420 | Orc:1    | Reached skill level 13 in Spellcasting
 35778 | Orc:1    | Noticed a fire giant
 35978 | Orc:1    | Killed a fire giant
 35979 | Orc:1    | Reached skill level 1 in Armour
 36099 | Orc:1    | Identified the +8 whip "Vineonin" {distort, rPois Int+5}
 36118 | Orc:1    | Identified the +6 quarterstaff of Vengeance {flame, Fly
                  | rPois Str+2 Int+2}
 36122 | Orc:1    | You pick up a book of the Wilderness and begin reading...
 36122 | Orc:1    | You add the spells Summon Forest and Summon Mana Viper to
                  | your library.
 36207 | Orc:2    | Entered Level 2 of the Orcish Mines
 36333 | Orc:2    | Reached skill level 8 in Translocations
 36898 | Orc:2    | Found a staircase to the Elven Halls.
 38159 | Orc:2    | Found Kineimer's General Store.
 38221 | Orc:2    | Found Tuedakk's Magic Scroll Shoppe.
 38454 | Orc:2    | Paralysed by an orc sorcerer for 6 turns
 38944 | Orc:2    | Bought a scroll of amnesia for 49 gold pieces
 39271 | Orc:2    | Reached skill level 12 in Air Magic
 39599 | Orc:2    | Reached skill level 6 in Short Blades
 39653 | Orc:2    | Reached skill level 1 in Ice Magic
 39808 | Orc:2    | Found Coklin's Antique Weapon Shop.
 39808 | Orc:2    | Found Qead's Book Boutique.
 39809 | Orc:2    | Found a one-way gate leading to the halls of Pandemonium.
 39900 | Orc:2    | Bought a book of Dangerous Friends for 640 gold pieces
 39900 | Orc:2    | You pick up a book of Dangerous Friends and begin
                  | reading...
 39900 | Orc:2    | You add the spells Summon Guardian Golem and Orb of
                  | Destruction to your library.
 39908 | Orc:2    | Learned a level 7 spell: Orb of Destruction
 40137 | D:12     | Reached skill level 10 in Conjurations
 40970 | D:13     | Reached skill level 2 in Armour
 41052 | D:13     | Found a gate to the Vaults.
 41052 | D:13     | Noticed an ironbound preserver
 41066 | D:13     | magus.rc [v1.9.6]
 41747 | D:13     | Killed an ironbound preserver
 41748 | D:13     | magus.rc [v1.9.6]
 41774 | D:13     | Reached XP level 15. HP: 104/104 MP: 13/37
 41774 | D:13     | magus.rc [v1.9.6]
 42211 | D:14     | Reached skill level 11 in Conjurations
 42517 | D:14     | HP: 17/104 [cyclops/large rock (33)]
 42753 | D:14     | HP: 25/104 [centaur warrior/arrow (15)]
 42754 | D:14     | HP: 9/104 [centaur warrior/arrow (13)]
 42758 | D:14     | Reached skill level 3 in Poison Magic
 43209 | D:14     | Reached skill level 3 in Armour
 43544 | D:14     | You are sucked into a shaft and drop 1 floor!
 43544 | D:15     | Entered Level 15 of the Dungeon
 43670 | D:15     | Reached skill level 12 in Conjurations
 43728 | D:15     | magus.rc [v1.9.6]
 44026 | D:7      | Bought a potion of heal wounds for 55 gold pieces
 44026 | D:7      | Bought a potion of heal wounds for 55 gold pieces
 44026 | D:7      | Bought a potion of heal wounds for 55 gold pieces
 44026 | D:7      | Bought a potion of curing for 33 gold pieces
 45257 | D:15     | Found a staircase to the Depths.
 45502 | D:15     | Reached skill level 2 in Evocations
 45637 | D:15     | You pick up a book of Cantrips and begin reading...
 45723 | D:15     | You pick up a book of Armaments and begin reading...
 45723 | D:15     | You add the spells Stone Arrow, Animate Armour and
                  | Lehudib's Crystal Spear to your library.
 46156 | Snake:1  | Entered Level 1 of the Snake Pit
 46456 | Snake:1  | Found Kokizxemn's Antique Weapon Shop.
 47120 | Snake:1  | Reached skill level 13 in Conjurations
 47697 | Snake:1  | Reached skill level 4 in Armour
 47750 | Snake:1  | Reached skill level 1 in Staves
 47916 | Snake:1  | Identified the +8 hand crossbow "Demonslayer" {speed,
                  | Fragile Will+ SInv}
 48415 | Snake:2  | Found Kisailel's Antique Weapon Shoppe.
 48839 | Snake:2  | Found Ovvuuz's Jewellery Shoppe.
 49148 | Snake:2  | Reached skill level 3 in Fighting
 49225 | Snake:2  | Found Ihetwe's Neck Hole.
 49486 | Snake:2  | Reached skill level 14 in Conjurations
 49806 | Snake:2  | Reached skill level 2 in Staves
 49806 | Snake:2  | Reached XP level 16. HP: 102/114 MP: 35/39
 49956 | Snake:2  | magus.rc [v1.9.6]
 49966 | Snake:2  | Found Xuofecuebe's Antique Weapon Shoppe.
 50248 | Snake:2  | Found Ifrinop's Distillery.
 51195 | Snake:3  | Reached skill level 5 in Armour
 51899 | Snake:3  | Reached skill level 3 in Staves
 52538 | Snake:3  | Reached skill level 15 in Conjurations
 52694 | Snake:3  | Reached skill level 6 in Stealth
 53263 | Snake:4  | Entered Level 4 of the Snake Pit
 54244 | Snake:4  | Identified the +1 pair of gloves of Ytwyet {Int+3}
 54244 | Snake:4  | Noticed Nikola
 54724 | Snake:4  | Reached skill level 4 in Staves
 55068 | Snake:4  | Reached skill level 16 in Conjurations
 55995 | Snake:4  | Killed Nikola
 56449 | Snake:4  | Reached skill level 5 in Dodging
 56806 | Snake:4  | You pick up a book of Beasts and begin reading...
 57205 | Snake:4  | Got a serpentine rune of Zot
 57620 | Shoals:1 | Entered Level 1 of the Shoals
 57763 | Shoals:1 | You add the spells Sting, Poisonous Vapours and Olgreb's
                  | Toxic Radiance to your library.
 57820 | Shoals:1 | Upgraded the game from 0.28.0-49-g6dfe1f597d to
                  | 0.28.0-53-g5a82cb258f
 57820 | Shoals:1 | magus.rc [v1.9.6]
 57882 | Shoals:1 | Noticed a kraken
 57905 | Shoals:1 | HP: 22/114 [merfolk javelineer/javelin (16)]
 57909 | Shoals:1 | HP: 9/114 [merfolk impaler/+3 vampiric trident (14)]
 58120 | Shoals:1 | Found Keshots's Assorted Antiques.
 58171 | Shoals:1 | Reached XP level 17. HP: 84/119 MP: 29/40
 59303 | Shoals:1 | Reached skill level 17 in Conjurations
 59904 | Shoals:1 | magus.rc [v1.9.6]
 59935 | Shoals:1 | Learned a level 4 spell: Olgreb's Toxic Radiance
 60442 | Shoals:2 | Reached skill level 1 in Transmutations
 60698 | Shoals:2 | Reached skill level 4 in Poison Magic
 60951 | Shoals:2 | You pick up a book of Hexes and begin reading...
 61769 | Shoals:3 | HP: 27/119 [harpy (10)]
 61771 | Shoals:3 | Reached skill level 5 in Staves
 62131 | Shoals:3 | Reached skill level 3 in Evocations
 62151 | Shoals:2 | magus.rc [v1.9.6]
 62178 | Shoals:3 | Reached skill level 6 in Armour
 62876 | Shoals:3 | Noticed Polyphemus
 63013 | Shoals:3 | Killed Polyphemus
 63287 | Shoals:3 | Reached skill level 5 in Poison Magic
 63807 | Shoals:3 | HP: 21/121 [satyr/arrow (24)]
 63809 | Shoals:3 | Shot with an arrow by a satyr

Vanquished Creatures
  Nikola (Snake:4)
  Polyphemus (Shoals:3)
  A kraken (Shoals:1)
  Kirke (Lair:4)
  9 nagarajas
  A fire giant (Orc:1)
  2 orc warlords (Orc:1)
  An ironbound preserver (D:13)
  A dire elephant (D:15)
  3 merfolk javelineers (Shoals:1)
  A fire dragon (D:15)
  3 merfolk impalers (Shoals:1)
  2 ettins (Orc:1)
  6 hydras
  2 salamander tyrants (Snake:3)
  5 boulder beetles
  17 naga warriors
  An ogre mage (D:15)
  13 anacondas
  9 centaur warriors
  2 catoblepae
  2 demonspawn (Orc:2)
  A merfolk avatar (Shoals:3)
  An alligator snapping turtle (Shoals:3)
  10 two-headed ogres
  9 death yaks
  Urug (Lair:1)
  7 shock serpents
  5 orc high priests (Orc:2)
  9 naga sharpshooters
  7 salamander mystics
  A fire crab (Lair:6)
  A skeletal warrior (D:13)
  A goliath frog (Lair:6)
  5 sea snakes
  A sixfirhy (Orc:2)
  7 orc knights
  4 naga ritualists
  3 deep elf pyromancers
  6 harpies
  10 mana vipers
  3 ugly things
  5 fauns
  9 manticores
  10 orc sorcerers
  16 salamanders
  A wolf spider (D:15)
  5 elephants
  23 cyclopes
  2 guardian serpents
  33 black mambas
  2 merfolk sirens (Shoals:2)
  A molten gargoyle (Orc:1)
  16 naga magi
  2 water nymphs
  2 orange demons (Orc:2)
  A smoke demon (Orc:2)
  2 gargoyles (D:12)
  21 cane toads
  A kobold demonologist (D:10)
  A torpor snail (Lair:6)
  An unseen horror (D:11)
  10 komodo dragons
  A rime drake (Lair:1)
  A red devil (Orc:2)
  2 tengu conjurers (D:13)
  A yaktaur (D:15)
  A hellwing (Orc:2)
  10 merfolk
  A polar bear (Lair:4)
  2 hornets
  2 wind drakes
  5 trolls
  3 tyrant leeches (Lair:6)
  15 blink frogs
  12 slime creatures
  6 snapping turtles
  13 dream sheep
  2 meliai zombies (D:10)
  5 water elementals
  3 wraiths
  4 wyverns
  30 yaks
  A vampire (D:13)
  3 shadows
  6 basilisks
  4 fire bats (Orc:1)
  Eustachio (D:6)
  A steam dragon (D:7)
  3 hogs (Lair:4)
  8 vampire mosquitoes
  Menkaure (D:6)
  54 nagas
  10 wargs
  Duvessa (D:6)
  An acid dragon (D:12)
  14 water moccasins
  38 orc warriors
  An ice beast (D:5)
  3 black bears
  2 sky beasts (D:6)
  12 ogres
  20 centaurs
  8 wolves
  A phantom (D:6)
  A kobold brigand (D:8)
  13 bullfrogs
  3 gnoll sergeants
  2 scorpions
  Dowan (D:6)
  8 killer bees
  3 wights (D:9)
  A howler monkey (D:13)
  An electric eel (Lair:6)
  A lava snake (Orc:1)
  5 centaur zombies
  A crimson imp (D:7)
  5 jellies
  2 centaur skeletons
  5 hounds
  30 orc priests
  3 iguanas
  19 orc wizards
  A hound skeleton (D:5)
  Robin (D:2)
  6 adders
  11 gnolls
  A shadow imp (D:8)
  2 white imps (D:7)
  2 dart slugs
  96 orcs
  7 bats
  15 endoplasms
  4 giant cockroaches
  11 goblins
  6 hobgoblins
  4 jackals (D:4)
  11 kobolds
  4 quokkas
  11 ball pythons
  A frilled lizard (D:2)
  4 rats
954 creatures vanquished.

Vanquished Creatures (others)
  12 bushes (Lair:2)
  39 fungi
  153 plants
  34 tentacles (Shoals:1)
238 creatures vanquished.

Grand Total: 1192 creatures vanquished

Table legend:
 A = Non-vault XP
 B = Vault XP
 C = Vault XP percentage of total XP
 D = Non-vault monster count
 E = Vault monster count
 F = Vault count percentage of total count
                 A         B        C        D         E       F
            +---------+---------+-------+---------+---------+-------
      Total |  193065 |   98051 |  33.7 |     662 |     292 |  30.6
            +---------+---------+-------+---------+---------+-------
        D:1 |      43 |       0 |   0.0 |      24 |       0 |   0.0
        D:2 |      23 |      30 |  56.6 |      12 |       9 |  42.9
        D:3 |      79 |       0 |   0.0 |      21 |       0 |   0.0
        D:4 |     466 |      48 |   9.3 |      19 |       4 |  17.4
        D:5 |     789 |       0 |   0.0 |      11 |       0 |   0.0
        D:6 |    1880 |     583 |  23.7 |      17 |       4 |  19.0
        D:7 |     769 |      56 |   6.8 |      13 |       2 |  13.3
        D:8 |    1340 |       0 |   0.0 |      22 |       0 |   0.0
        D:9 |    1116 |       0 |   0.0 |      17 |       0 |   0.0
       D:10 |    3522 |     443 |  11.2 |      15 |       3 |  16.7
       D:11 |    3869 |    1601 |  29.3 |      27 |      19 |  41.3
       D:12 |    7602 |     250 |   3.2 |      23 |       1 |   4.2
       D:13 |    6160 |    5571 |  47.5 |      16 |       8 |  33.3
       D:14 |   10655 |       0 |   0.0 |      26 |       0 |   0.0
       D:15 |    8482 |    2928 |  25.7 |      16 |       4 |  20.0
     Lair:1 |    3288 |     804 |  19.6 |      11 |       1 |   8.3
     Lair:2 |    7823 |     495 |   6.0 |      24 |       3 |  11.1
     Lair:3 |    3108 |     843 |  21.3 |      12 |       3 |  20.0
     Lair:4 |    6321 |    2658 |  29.6 |      18 |      12 |  40.0
     Lair:5 |    3067 |    1661 |  35.1 |       9 |      11 |  55.0
     Lair:6 |    8044 |    8150 |  50.3 |      24 |      32 |  57.1
   Shoals:1 |    6972 |    6592 |  48.6 |      14 |       8 |  36.4
   Shoals:2 |    8562 |     823 |   8.8 |      18 |       1 |   5.3
   Shoals:3 |   11583 |    4837 |  29.5 |      28 |       5 |  15.2
    Snake:1 |   13953 |    7595 |  35.2 |      27 |      15 |  35.7
    Snake:2 |   15136 |       0 |   0.0 |      25 |       0 |   0.0
    Snake:3 |   25556 |       0 |   0.0 |      47 |       0 |   0.0
    Snake:4 |   19615 |   22518 |  53.4 |      34 |      42 |  55.3
      Orc:1 |    9143 |   13351 |  59.4 |      55 |      37 |  40.2
      Orc:2 |    4099 |   16214 |  79.8 |      37 |      68 |  64.8
            +---------+---------+-------+---------+---------+-------

Illustrated notes

Table legend:
 A = Kills in this place as a percentage of kills in entire the game.
 B = Kills by you in this place as a percentage of kills by you in the entire game.
 C = Kills by friends in this place as a percentage of kills by friends in the entire game.
 D = Other kills in this place as a percentage of other kills in the entire game.
 E = Experience gained in this place as a percentage of experience gained in the entire game.
 F = Experience gained in this place divided by the number of levels of this place that you have seen.
                   A       B       C       D       E      F
               +-------+-------+-------+-------+-------+----------------------
         Total | 100.0 | 100.0 |   N/A | 100.0 | 100.0 | 9703.9
       Dungeon |  34.9 |  34.6 |   N/A |  71.4 |  20.0 | 3887.0
          Lair |  16.8 |  16.8 |   N/A |  14.3 |  15.9 | 7710.3
        Shoals |   7.8 |   7.8 |   N/A |   0.0 |  13.5 | 13123.0
     Snake Pit |  19.9 |  20.1 |   N/A |   0.0 |  35.9 | 26093.2
  Orcish Mines |  20.6 |  20.7 |   N/A |  14.3 |  14.7 | 21403.5
               +-------+-------+-------+-------+-------+----------------------

Table legend: (Time is in decaauts)
 A = Elapsed time spent in this place.
 B = Non-inter-level travel time spent in this place.
 C = Inter-level travel time spent in this place.
 D = Time resting spent in this place.
 E = Time spent auto-exploring this place.
 F = Levels seen in this place.
 G = Mean time per level.
                   A        B        C        D        E       F      G
               +--------+--------+--------+--------+--------+-----+--------+
         Total |  63988 |  60958 |   3030 |  21907 |  27933 |  30 | 2132.9 |
       Dungeon |  25991 |  23764 |   2227 |   6166 |  14114 |  15 | 1732.7 |
          Lair |  14075 |  13618 |    457 |   6495 |   4286 |   6 | 2345.8 |
        Shoals |   6226 |   6163 |     63 |   3007 |    951 |   3 | 2075.3 |
     Snake Pit |  11410 |  11211 |    199 |   3661 |   6067 |   4 | 2852.5 |
  Orcish Mines |   6284 |   6202 |     82 |   2578 |   2514 |   2 | 3142.0 |
               +--------+--------+--------+--------+--------+-----+--------+

Top non-repeatable levels by time:
   Orc:2: 3650 daAuts
 Snake:3: 3637 daAuts
 Snake:4: 3283 daAuts
    D:11: 3007 daAuts
  Lair:5: 2938 daAuts
    D:10: 2755 daAuts
   Orc:1: 2633 daAuts
Shoals:1: 2508 daAuts
  Lair:1: 2491 daAuts
 Snake:1: 2419 daAuts
  Lair:6: 2365 daAuts
  Lair:2: 2334 daAuts
     D:6: 2197 daAuts
 Snake:2: 2070 daAuts
  Lair:4: 2047 daAuts
